 Dungeon Crawl Stone Soup version 0.29-a0-722-g64f5989226 (webtiles) character file.

Game seed: 18350773056555355605

31248 Essalna the Fighter (level 13, -19/106 HPs)
             Began as a Djinni Conjurer on June 28, 2022.
             Was a Believer of the Shining One.
             Hit by a large rock thrown by a stone giant (46 damage)
             ... in a volcano.
             The game lasted 00:40:37 (22530 turns).

Essalna the Fighter (Djinni Conjurer)              Turns: 22530, Time: 00:40:37

Health: -19/106    AC: 11    Str:  6    XL:     13   Next: 94%
Gold:   1428       EV: 16    Int: 24    God:    the Shining One [**....] SH:  0 Dex: 13

rFire   + + +      SeeInvis .   (no weapon)
rCold   . . .      Faith    .   (no shield)
rNeg    + . .      Spirit   .   S - +2 robe {rC+ rF+}
rPois   ∞          Reflect  .   j - +2 hat
rElec   .          Harm     .   (no cloak)
rCorr   .          Rampage  .   (no gloves)
Will    +....                   (boots unavailable)
Stlth   +.........              (no amulet)
HPRegen 0.27/turn               G - ring of protection from fire
MPRegen 0.00/turn               p - +4 ring of protection

@: flying, glowing, studying 2 skills
A: sickness immunity, fire resistance 2, cold vulnerability 1, float, innate
caster, HP casting, extra vitality 1
a: Renounce Religion, Divine Shield


You were in a volcano.
You worshipped the Shining One.
The Shining One was pleased with you.
You visited 3 branches of the dungeon, and saw 14 of its levels.
You also visited: Sewer, Bailey, Ice Cave and Volcano.

You collected 1428 gold pieces.

Inventory:

Missiles
 b - 3 throwing nets
Armour
 a - a +0 robe
 j - a +2 hat (worn)
 n - a +2 robe of cold resistance
 I - +0 steam dragon scales
 S - a +2 robe of resistance (worn)
Jewellery
 h - a +6 ring of strength
 m - the ring "Ofecvoih" {Wiz rC+ Slay+2}
   (You found it in a bailey)

   [ring of wizardry]

   It improves your spell success rate.
   Slay:      It affects your accuracy & damage with ranged weapons and melee
   (+2).
   rC:        It protects you from cold.
 p - a +4 ring of protection (right hand)
 t - a ring of willpower
 y - a +6 ring of intelligence
 G - a ring of protection from fire (left hand)
 J - a ring of fire
 M - a ring of protection from cold
Wands
 s - a wand of paralysis (8)
 x - a wand of flame (2)
 K - a wand of polymorph (10)
 O - a wand of iceblast (10)
 P - a wand of mindburst (5)
Scrolls
 c - 2 scrolls of identify
 d - a scroll of fog
 f - 3 scrolls of fear
 i - 5 scrolls of immolation
 k - 4 scrolls of teleportation
 o - 2 scrolls of amnesia
 L - a scroll of acquirement
 N - a scroll of enchant armour
 Q - a scroll of blinking
 R - a scroll of enchant weapon
Potions
 e - 10 potions of flight
 g - 6 potions of mutation
 l - 3 potions of curing
 q - 3 potions of heal wounds
 r - a potion of brilliance
 u - 4 potions of attraction
 v - a potion of cancellation {unknown}
 w - 2 potions of berserk rage
 z - 2 potions of lignification
 A - 4 potions of haste
 B - 5 potions of magic
 C - 2 potions of might
 D - 2 potions of degeneration
 E - 4 potions of invisibility
 F - a potion of resistance


   Skills:
 + Level 14.5 Fighting
 + Level 11.0 Armour
 + Level 8.9 Dodging
 - Level 1.5 Stealth
 + Level 13.3 Spellcasting


You had 4 spell levels left.
You knew the following spells:

 Your Spells              Type           Power      Damage    Failure   Level
a - Magic Dart            Conj           100%       1d8       0%          1
b - Searing Ray           Conj           100%       2d8       1%          2
c - Dazzling Flash        Conj/Hex       100%       N/A       1%          3
d - Fulminant Prism       Conj/Hex       34%        3d16      1%          4
e - Iskenderun's Mystic   Conj/Tloc      68%        2d14      1%          4
f - Shock                 Conj/Air       100%       1d9       0%          1
g - Wereblood             Tmut           68%        N/A       1%          2
h - Call Canine Familiar  Summ           68%        N/A       1%          3
i - Sticky Flame          Conj/Fire      68%        2d8       1%          4
j - Metabolic Englaciati  Hex/Ice        34%        N/A       1%          5
k - Summon Mana Viper     Hex/Summ       68%        N/A       1%          5
Your spell library was empty.

Dungeon Overview and Level Annotations

Branches:
Dungeon (11/15)            Temple (1/1) D:7            Lair (2/6) D:10
  Sewer (visited)          Bailey (visited)           IceCv (visited)
Volcano (1/1)
  Swamp: Lair:2-4    Shoals: Lair:2-4     Snake: Lair:2-4    Spider: Lair:2-4
    Orc: D:9-12

Altars:
Ashenzari
Cheibriados
Dithmenos
Elyvilon
Fedhas
Gozag
Hepliaklqana
Kikubaaqudgha
Makhleb
Nemelex Xobeh
Okawaru
Qazlal
Ru
Sif Muna
Trog
Uskayaw
Vehumet
Wu Jian
Xom
Yredelemnul
Zin
The Shining One

Shops:
D:3 *

Annotations:
D:10 2 runed translucent doors, zebulonius's ghost, journeyman MiBe


Innate Abilities, Weirdness & Mutations

You are immune to sickness and miasma.
You are immune to poison.
Your flesh is very heat resistant. (rF++)
You are vulnerable to cold. (rC-)
You float through the air rather than walking.
You learn spells naturally, not from books.
Your magical power is your life essence.
You have superior vitality. (+4 MHP)


Message History

Okay, then.
Casting: Iskenderun's Mystic Blast (safe; 1% risk of failure)
Confirm with . or Enter, or press ? or * to list all spells.
A mana viper appears with a sibilant hiss.
Casting: Summon Mana Viper (mildly dangerous; 1% risk of failure)
Confirm with . or Enter, or press ? or * to list all spells.
Aiming: Searing Ray (safe; 1% risk of failure)
Press: ? - help, Shift-Dir - straight line, f/p - stone giant
Aim: a stone giant, quivering large rocks (lightly wounded, ally target, 100% to hit)
The searing ray hits the stone giant.
The stone giant is moderately wounded. (Press . to maintain the ray.)
The stone giant throws a large rock.
The large rock hits you!!
The searing ray hits the stone giant but does no damage.
The stone giant is moderately wounded.
Your mana viper bites the stone giant!
The stone giant throws a large rock.
The large rock hits you!!!
* * * LOW HITPOINT WARNING * * *
The searing ray hits the stone giant.
The stone giant is moderately wounded.
* * * LOW HITPOINT WARNING * * *
Your mana viper bites the stone giant.
The stone giant throws a large rock.
The large rock misses you.
Your mana viper bites the stone giant!
The searing ray hits the stone giant.
The stone giant is heavily wounded.
* * * LOW HITPOINT WARNING * * *
You finish channelling your searing ray.
Your mana viper completely misses the stone giant.
Casting: Searing Ray (safe; 1% risk of failure)
Confirm with . or Enter, or press ? or * to list all spells.
Aiming: Searing Ray (safe; 1% risk of failure)
Press: ? - help, Shift-Dir - straight line, f/p - stone giant
Aim: a stone giant, quivering large rocks (heavily wounded, ally target, haloed, 100% to hit)
The searing ray hits the stone giant but does no damage.
The stone giant is heavily wounded. (Press . to maintain the ray.)
* * * LOW HITPOINT WARNING * * *
Your mana viper bites the stone giant!
The stone giant throws a large rock.
The large rock hits you!!!
You die...

##### #...# #### ##.#.###
#.@# ##.###..###
###..###.##∩###..##
#...C.###.....###.#
##.S....###....##.##
#....§§§.###∩####..#
#....§§§≈..###.§...#
##..≈§§§≈≈≈....≈....##
##...§≈≈§§≈§§§§≈≈≈§...#
###...§≈≈≈≈≈§§§≈≈≈§§§....


You could see a stone giant (ally target) and a friendly mana viper (summoned).

Vanquished Creatures
  A frost giant (IceCv)
  The ghost of emergency the Fighter, a journeyman MiBe of Trog (D:9)
  A hydra (Lair:1)
  A centaur warrior (D:11)
  Urug (D:11)
  11 death yaks
  The ghost of CrazyBamboolord the Skirmisher, a novice BaHu of Ashenzari (D:7)
  An orc knight (Bailey)
  An ugly thing (IceCv)
  A cyclops (D:11)
  2 black mambas (Lair:1)
  An ice statue (IceCv)
  3 gargoyles (Volcano)
  A molten gargoyle (Volcano)
  An unseen horror (D:11)
  A guardian serpent (D:11)
  A cane toad (Lair:1)
  7 rime drakes (IceCv)
  An efreet (Volcano)
  A troll (D:11)
  4 polar bears (IceCv)
  2 wyverns
  17 yaks
  2 wraiths (D:9)
  A shadow (D:11)
  A basilisk (D:11)
  2 fire elementals (Volcano)
  9 fire bats
  2 steam dragons
  Menkaure (D:7)
  Edmund (D:3)
  4 water moccasins
  A hell hound (D:9)
  8 orc warriors
  An ice beast (D:6)
  3 ogres
  2 sky beasts
  9 centaurs
  7 wolves
  2 phantoms
  2 kobold brigands (D:9)
  2 scorpions
  4 bullfrogs
  A necrophage (D:5)
  8 wights
  11 killer bees
  6 howler monkeys
  8 lava snakes
  A gnoll shaman (D:6)
  5 orc priests
  6 hounds
  6 jellies
  Jessica (D:2)
  Natasha (thrice) (D:2)
  5 iguanas
  12 orc wizards
  A centaur simulacrum (D:7)
  A spectral howler monkey (D:7)
  4 gnolls
  6 adders
  3 river rats
  A shadow imp (D:6)
  A white imp (D:6)
  5 worms
  6 dart slugs
  40 orcs
  17 endoplasms
  8 giant cockroaches
  8 goblins
  12 hobgoblins
  4 quokkas
  8 ball pythons
  6 bats
  9 frilled lizards
  15 kobolds
  12 rats
366 creatures vanquished.

Vanquished Creatures (collateral kills)
  A two-headed ogre (D:9)
  A bullfrog (D:7)
2 creatures vanquished.

Vanquished Creatures (others)
  A fungus (Lair:1)
  21 plants
22 creatures vanquished.

Grand Total: 390 creatures vanquished

Notes
Turn   | Place    | Note
-------+----------+-------------------------------------------
     0 | D:1      | Essalna the Djinni Conjurer began the quest for the Orb.
     0 | D:1      | Essalna set off with the following spells memorised: Magic
                  | Dart, Searing Ray, Dazzling Flash, Fulminant Prism,
                  | Iskenderun's Mystic Blast.
     0 | D:1      | Reached XP level 1. HP: 15/15 MP: 0/0
   176 | D:1      | Reached skill level 1 in Fighting
   176 | D:1      | Reached XP level 2. HP: 21/22 MP: 0/0
   183 | D:1      | Found a faded altar of an unknown god.
   842 | D:1      | Reached XP level 3. HP: 23/27 MP: 0/0
   842 | D:1      | Learned a level 1 spell: Shock
  1278 | D:2      | Reached skill level 2 in Fighting
  1413 | D:2      | Noticed Natasha
  1418 | D:2      | Killed Natasha
  1419 | D:2      | Reached XP level 4. HP: 18/34 MP: 0/0
  1634 | D:2      | Noticed Natasha
  1638 | D:2      | Killed Natasha
  1860 | D:2      | Reached XP level 5. HP: 38/40 MP: 0/0
  1860 | D:2      | Learned a level 2 spell: Wereblood
  1902 | D:2      | Noticed Jessica
  1906 | D:2      | Killed Jessica
  1907 | D:2      | Reached skill level 3 in Fighting
  2063 | D:2      | Noticed Natasha
  2070 | D:2      | Killed Natasha
  2411 | D:3      | Found Ykustino's Assorted Antiques.
  2840 | D:3      | Reached XP level 6. HP: 39/47 MP: 0/0
  2960 | D:3      | Reached skill level 4 in Fighting
  3335 | D:4      | Noticed Edmund
  3605 | D:3      | Killed Edmund
  3606 | D:3      | Reached skill level 5 in Spellcasting
  3606 | D:3      | Reached XP level 7. HP: 16/53 MP: 0/0
  3606 | D:3      | Learned a level 3 spell: Call Canine Familiar
  3896 | D:4      | Reached skill level 5 in Fighting
  4628 | D:5      | Entered Level 5 of the Dungeon
  4662 | D:5      | Reached XP level 8. HP: 44/61 MP: 0/0
  4943 | D:5      | Found a glowing drain.
  4951 | Sewer    | Entered a sewer
  5250 | Sewer    | Reached skill level 6 in Fighting
  5428 | Sewer    | Found a viscous altar of Jiyva.
  6102 | D:5      | Reached skill level 7 in Fighting
  6152 | D:5      | Found a burning altar of Makhleb.
  6543 | D:6      | Reached XP level 9. HP: 64/68 MP: 0/0
  6543 | D:6      | Learned a level 4 spell: Sticky Flame
  6680 | D:6      | Reached skill level 11 in Fighting
  6680 | D:6      | Reached XP level 10. HP: 83/83 MP: 0/0
  6850 | D:6      | Found a sparkling altar of Nemelex Xobeh.
  7012 | D:6      | Found a blossoming altar of Fedhas.
  7886 | D:6      | Found a white marble altar of Elyvilon.
  8448 | D:7      | Noticed Menkaure
  8451 | D:7      | Killed Menkaure
  8468 | D:7      | Identified a scroll of acquirement
  8468 | D:7      | Acquired a manual of Spellcasting
  8499 | D:7      | Found a staircase to the Ecumenical Temple.
  8541 | D:7      | You are sucked into a shaft and drop 1 floor!
  8958 | D:8      | Found a stormy altar of Qazlal.
  8987 | D:7      | Found a flagged portal.
  8993 | Bailey   | Entered a bailey
  9059 | Bailey   | Noticed an orc knight
  9144 | Bailey   | Identified the ring "Ofecvoih" {Wiz rC+ Slay+2}
  9332 | Bailey   | Reached skill level 12 in Fighting
  9337 | Bailey   | Reached skill level 10 in Spellcasting
 10048 | Bailey   | Killed an orc knight
 10476 | D:7      | Reached XP level 11. HP: 73/89 MP: 0/0
 10476 | D:7      | Learned a level 5 spell: Metabolic Englaciation
 10596 | D:7      | You are sucked into a shaft and drop 1 floor!
 10858 | D:7      | Found a runed translucent gate.
 10858 | D:7      | Found a runed translucent gate.
 10858 | D:7      | Found a runed translucent gate.
 10859 | D:7      | Noticed CrazyBamboolord's ghost (novice BaHu)
 10891 | D:7      | Killed CrazyBamboolord's ghost
 10912 | D:7      | Acquired a manual of Armour
 11334 | D:7      | Reached skill level 1 in Armour
 11497 | Temple   | Entered the Ecumenical Temple
 11530 | Temple   | Became a worshipper of the Shining One
 12229 | D:8      | Found a hide-covered altar of Uskayaw.
 12573 | D:9      | Found a runed translucent gate.
 12573 | D:9      | Found a runed translucent gate.
 12573 | D:9      | Found a runed translucent gate.
 12581 | D:9      | Noticed emergency's ghost (journeyman MiBe)
 12603 | D:9      | Killed emergency's ghost
 13519 | D:9      | Reached * piety under the Shining One
 13975 | D:9      | Noticed a two-headed ogre
 13986 | D:9      | Killed a two-headed ogre
 14206 | D:10     | Entered Level 10 of the Dungeon
 14227 | D:10     | Found a runed translucent door.
 14229 | D:10     | Noticed a skeletal warrior
 14291 | D:10     | Noticed a five-headed hydra
 14293 | D:10     | Found a runed translucent door.
 14293 | D:10     | Noticed a necromancer
 14296 | D:10     | Noticed a fire dragon
 14296 | D:10     | Noticed a skeletal warrior
 14296 | D:10     | Noticed zebulonius's ghost (journeyman MiBe)
 14296 | D:10     | Reached ** piety under the Shining One
 14298 | D:10     | Noticed a lich
 14325 | D:10     | Noticed a death yak
 14336 | D:10     | Killed a death yak
 14337 | D:10     | Reached skill level 5 in Armour
 14338 | D:10     | Noticed a death yak
 14338 | D:10     | Noticed a death yak
 14338 | D:10     | Noticed a death yak
 14340 | D:10     | Noticed a death yak
 14341 | D:10     | Reached skill level 13 in Fighting
 14358 | D:10     | Noticed a death yak
 14365 | D:10     | The Shining One protects you from harm!
 14366 | D:10     | Killed a death yak
 14367 | D:10     | Reached skill level 5 in Dodging
 14367 | D:10     | Reached XP level 12. HP: 16/98 MP: 0/0
 14368 | D:10     | Killed a death yak
 14372 | D:10     | Killed a death yak
 14376 | D:10     | Killed a death yak
 14378 | D:10     | Killed a death yak
 14764 | D:10     | Found a staircase to the Lair.
 15993 | D:11     | Found a frozen archway.
 16003 | IceCv    | Entered an ice cave
 16352 | IceCv    | Noticed a death yak
 16368 | IceCv    | Killed a death yak
 16717 | IceCv    | Noticed a death yak
 16725 | IceCv    | Killed a death yak
 16726 | IceCv    | Reached XP level 13. HP: 71/104 MP: 0/0
 16726 | IceCv    | Learned a level 5 spell: Summon Mana Viper
 16958 | IceCv    | Noticed a frost giant
 16972 | IceCv    | Killed a frost giant
 17375 | IceCv    | Reached skill level 14 in Fighting
 18465 | D:11     | Noticed Urug
 18478 | D:11     | Killed Urug
 18479 | D:11     | Reached skill level 10 in Armour
 18765 | D:11     | Noticed a centaur warrior
 18791 | D:11     | Killed a centaur warrior
 19537 | Lair:1   | Entered Level 1 of the Lair of Beasts
 20013 | Lair:1   | Noticed an eight-headed hydra
 20026 | Lair:1   | Killed an eight-headed hydra
 21227 | Lair:2   | Found a dark tunnel.
 21256 | Volcano  | Entered a volcano
 21954 | Volcano  | Found a bloodstained altar of Trog.
 22198 | Volcano  | Noticed a stone giant
 22530 | Volcano  | Hit by a large rock thrown by a stone giant

Illustrated notes

Levels and vault maps discovered:
D:1:      saegor_arrival_simple_a, layout_basic,
          chequers_ecumenical_altar_island
D:2:      layout_loops_ring, uniq_natasha, uniq_jessica
D:3:      layout_basic, serial_bayou, serial_bayou_ford_a, serial_bayou_shore_a,
          serial_bayou_pond_b, serial_bayou_pond_e, serial_shops,
          nicolae_shop_stone
D:4:      layout_cave_pools, uniq_edmund
D:5:      layout_rooms, overflow_temple_1_default, lightli_sewer_entry_pipes
D:6:      minmay_recursive_quarters, layout_layer_cave, elyvilon_altar_1,
          lemuel_crystal_altar, fedhas_altar_2, serial_rivers,
          chequers_serial_rivers_large_a, chequers_serial_rivers_marsh,
          chequers_serial_rivers_micro_b, chequers_serial_rivers_small_3
D:7:      layout_basic, minmay_temple_entry_glass, enter_bailey_3,
          gammafunk_ghost_necromancy, minmay_holes, serial_park_tiny_2,
          uniq_menkaure
D:8:      layout_basic, mainiacjoe_overflow_24_doors,
          mainiacjoe_overflow_cross_hatched
D:9:      layout_roguey, gammafunk_ghost_spectres, hangedman_incinerator
D:10:     layout_big_octagon, dpeg_lair_monsters, muffindrake_ghost_dual_entry,
          minmay_misc_feat_pillars
D:11:     layout_gridville, portal_ice_cave_entry_pillars_1,
          nrook_guardian_serpent_double, uniq_urug
Temple:   lightli_temple_of_artemis
Lair:1:   layout_layer_cave, beast_lair_carwin_1, serial_bayou_shore_b,
          lemuel_fruit_fields, grunt_megastairs_5
Lair:2:   layout_small_grid, nicolae_volcano_entry_lava_flow
Volcano:  volcano_grotto [vgs_original]

Skill      XL: |  1  2  3  4  5  6  7  8  9 10 11 12 13 |
---------------+----------------------------------------+-----
Fighting       | 1 2 3 4 5 7 11 12 13 14 | 14.5
Spellcasting   | 4 5 6 9 10 11 12 13 | 13.3
Armour         | 5 8 11 | 11.0
Dodging        | 5 7 8 |  8.9
Stealth        | |  1.5

Action                   |  1- 3 |  4- 6 |  7- 9 | 10-12 | 13-15 || total
-------------------------+-------+-------+-------+-------+-------++-------
Melee: Unarmed           |       |     1 |       |     8 |     9 ||    18
 Cast: Magic Dart        |    52 |    78 |   149 |   220 |     7 ||   506
       Searing Ray       |     1 |    10 |    27 |    25 |     6 ||    69
       Iskenderun's Myst |       |     5 |     3 |   187 |   117 ||   312
       Shock             |       |       |    21 |       |       ||    21
       Dazzling Flash    |       |       |       |     2 |       ||     2
       Call Canine Famil |       |       |       |     1 |       ||     1
       Metabolic Englaci |       |       |       |     1 |       ||     1
       Summon Mana Viper |       |       |       |       |     4 ||     4
Evoke: Wand              |       |       |       |       |     4 ||     4
  Use: Scroll            |       |       |    10 |    19 |     1 ||    30
       Potion            |       |       |     1 |     1 |     2 ||     4
Armor: Robe              |       |     5 |    12 |    47 |    26 ||    90
Dodge: Dodged            |       |    11 |    24 |    88 |    60 ||   183

Table legend: (Time is in decaauts)
 A = Elapsed time spent in this place.
 B = Non-inter-level travel time spent in this place.
 C = Inter-level travel time spent in this place.
 D = Time resting spent in this place.
 E = Time spent auto-exploring this place.
 F = Levels seen in this place.
 G = Mean time per level.
                   A        B        C        D        E       F      G
               +--------+--------+--------+--------+--------+-----+--------+
         Total |  22527 |  21974 |    553 |    208 |  19105 |  18 | 1251.5 |
       Dungeon |  15147 |  14623 |    524 |    208 |  12711 |  11 | 1377.0 |
        Temple |    119 |    110 |      9 |      0 |     79 |   1 |  119.0 |
          Lair |   1717 |   1698 |     19 |      0 |   1610 |   2 |  858.5 |
         Sewer |    578 |    578 |      0 |      0 |    451 |   1 |  578.0 |
        Bailey |   1262 |   1262 |      0 |      0 |    899 |   1 | 1262.0 |
      Ice Cave |   2427 |   2427 |      0 |      0 |   2201 |   1 | 2427.0 |
       Volcano |   1273 |   1273 |      0 |      0 |   1154 |   1 | 1273.0 |
               +--------+--------+--------+--------+--------+-----+--------+

Top non-repeatable levels by time:
   IceCv: 2427 daAuts
     D:6: 1970 daAuts
  Lair:1: 1686 daAuts
     D:9: 1664 daAuts
    D:11: 1589 daAuts
     D:8: 1391 daAuts
     D:5: 1331 daAuts
     D:3: 1326 daAuts
    D:10: 1313 daAuts
 Volcano: 1273 daAuts
  Bailey: 1262 daAuts
     D:7: 1258 daAuts
     D:1: 1198 daAuts
     D:2: 1103 daAuts
     D:4: 999 daAuts
